[Event "Silves Open 2025"]
[Site "Fissul"]
[Date "2025.03.05"]
[Round "7.21"]
[White "Pena, Helio Adelino Silva"]
[Black "Finkler, Kai Andreas"]
[Result "0-1"]
[Annotator "NA RC"]
[ECO "B03"]
[WhiteElo "1842"]
[BlackElo "1990"]
[PlyCount "102"]
[EventDate "2025.03.03"]
[EventType "swiss"]
[EventCountry "POR"]
[SourceTitle "playchess.com"]
[Source "ChessBase"]
[SourceQuality "1"]
[TimeControl "5400+30"]

1. e4 Nf6 2. e5 Nd5 3. d4 d6 4. c4 Nb6 5. Nc3 dxe5 6. dxe5 Qxd1+ 7. Nxd1 Nc6 8. f4 g5 9. Nc3 Be6 10. b3 gxf4 11. Bxf4 Bg7 12. Nf3 Bg4 13. c5 Nd7 14. Nd5 O-O-O 15. Nxc7 Bxf3 16. gxf3 Ndxe5 17. Bh3+ Kxc7 18. Rc1 Nb4 19. O-O Nbd3 20. Bg3 Nxc1 21. Rxc1 Kc6 22. f4 Nf3+ 23. Kf2 Nd4 24. Bg2+ Kc7 25. f5+ Kc8 26. Bh3 e6 27. Bh4 exf5 28. c6 bxc6 29. b4 a6 30. a4 Kb7 31. Bg2 Rde8 32. Kf1 Re2 33. Bf2 Rxf2+ 34. Kxf2 Kb6 35. Rc5 Re8 36. Bf1 Re5 37. Rc3 Ne6 38. Bg2 c5 39. Rc1 cxb4 40. Rc6+ Ka5 41. Bf1 Kxa4 42. Rxa6+ Kb3 43. Ra7 Nd8 44. Rd7 Bf6 45. Bg2 Bg5 46. Bh3 h6 47. Rc7 Ne6 48. Rxf7 Nd4 49. Rd7 Be3+ 50. Ke1 Rc5 51. Kf1 Rc1+ 0-1

[Event "Silves Open 2025"]
[Site "Fissul"]
[Date "2025.03.05"]
[Round "7.22"]
[White "Esteves, Goncalo Maria Franco"]
[Black "Almeida, Marta Dias"]
[Result "1/2-1/2"]
[Annotator "NA"]
[ECO "B11"]
[WhiteElo "1962"]
[BlackElo "1790"]
[PlyCount "61"]
[EventDate "2025.03.03"]
[EventType "swiss"]
[EventCountry "POR"]
[SourceTitle "playchess.com"]
[Source "ChessBase"]
[SourceQuality "1"]
[TimeControl "5400+30"]

1. e4 c6 2. Nc3 d5 3. Nf3 Bg4 4. Be2 e6 5. d4 Nf6 6. e5 Nfd7 7. Ng1 Bxe2 8. Ngxe2 c5 9. Be3 Nc6 10. O-O cxd4 11. Bxd4 Ndxe5 12. Re1 Be7 13. Nf4 Bf6 14. Bc5 b6 15. Ba3 d4 16. Nb5 Be7 17. Bxe7 Qxe7 18. Nxd4 O-O 19. Nd5 Qh4 20. Nxc6 Nxc6 21. Ne3 Rfd8 22. Qf3 Nd4 23. Qb7 Qf4 24. c3 Nf5 25. g3 Qg5 26. Rad1 Nxe3 27. Rxd8+ Rxd8 28. Rxe3 Rd1+ 29. Kg2 Qd5+ 30. Qxd5 Rxd5 31. Re2 1/2-1/2

[Event "Silves Open 2025"]
[Site "Fissul"]
[Date "2025.03.05"]
[Round "7.24"]
[White "Mostafa, Hazem Farouk Mahmoud"]
[Black "Salas Munoz, Paulino Jose"]
[Result "0-1"]
[Annotator "NA RC"]
[ECO "B22"]
[WhiteElo "1769"]
[BlackElo "1915"]
[PlyCount "68"]
[EventDate "2025.03.03"]
[EventType "swiss"]
[EventCountry "POR"]
[SourceTitle "playchess.com"]
[Source "ChessBase"]
[SourceQuality "1"]
[TimeControl "5400+30"]

1. e4 d5 2. e5 c5 3. c3 d4 4. f4 Nc6 5. Nf3 Nh6 6. Bb5 Bd7 7. d3 Nxe5 8. fxe5 Bxb5 9. Bxh6 gxh6 10. c4 Bc6 11. e6 Qa5+ 12. Nbd2 O-O-O 13. exf7 Bxf3 14. Qxf3 e5 15. Ke2 Qc7 16. a3 Kb8 17. b4 cxb4 18. axb4 Bxb4 19. Rhb1 Bxd2 20. Kxd2 Rhf8 21. Rb3 Rxf7 22. Qe4 Rdf8 23. Re1 Qa5+ 24. Kc2 Rf2+ 25. Re2 Rxe2+ 26. Qxe2 e4 27. dxe4 Qa2+ 28. Rb2 Qa4+ 29. Kd3 Qa3+ 30. Kxd4 Rd8+ 31. Ke5 Qd6+ 32. Kf5 Qg6+ 33. Kf4 Qg5+ 34. Kf3 Rf8# 0-1

[Event "Silves Open 2025"]
[Site "Fissul"]
[Date "2025.03.05"]
[Round "7.25"]
[White "Van Ree, Thailo"]
[Black "Crow, Steve"]
[Result "1-0"]
[Annotator "NA RC"]
[ECO "A85"]
[WhiteElo "1881"]
[BlackElo "1742"]
[PlyCount "85"]
[EventDate "2025.03.03"]
[EventType "swiss"]
[EventCountry "POR"]
[SourceTitle "playchess.com"]
[Source "ChessBase"]
[SourceQuality "1"]
[TimeControl "5400+30"]

1. d4 f5 2. c4 Nf6 3. Nc3 e6 4. Qc2 b6 5. Bg5 Bb7 6. O-O-O h6 7. Bf4 g5 8. Bd2 Ne4 9. Nxe4 Bxe4 10. Qb3 Bb7 11. f3 d5 12. e3 dxc4 13. Bxc4 Bd5 14. Ne2 Bxc4 15. Qxc4 Qd5 16. Qxd5 exd5 17. Ng3 Nc6 18. Nxf5 Nb4 19. Kb1 O-O-O 20. a3 Nc6 21. Bc3 Ne7 22. g4 Rh7 23. e4 Rf7 24. h4 Nxf5 25. exf5 Be7 26. hxg5 Bxg5 27. Rde1 Kd7 28. Re5 Kc6 29. Kc2 Kb5 30. b3 Rd6 31. Kd3 Bf4 32. a4+ Kc6 33. Bb4 Bxe5 34. dxe5 Rd8 35. Rxh6+ Kb7 36. e6 c5 37. exf7 cxb4 38. Re6 Rf8 39. Re7+ Kc6 40. g5 Kd6 41. f6 Rc8 42. Re8 Rc3+ 43. Kd2 1-0

[Event "Silves Open 2025"]
[Site "Fissul"]
[Date "2025.03.05"]
[Round "7.26"]
[White "Van Ginkel, Henk"]
[Black "Moldovan, Lucas Gabriel"]
[Result "1-0"]
[Annotator "NA RC"]
[ECO "A00"]
[WhiteElo "1811"]
[BlackElo "1992"]
[PlyCount "77"]
[EventDate "2025.03.03"]
[EventType "swiss"]
[EventCountry "POR"]
[SourceTitle "playchess.com"]
[Source "ChessBase"]
[SourceQuality "1"]
[TimeControl "5400+30"]

1. b4 e5 2. Bb2 Bxb4 3. Bxe5 Nf6 4. e3 Nc6 5. Bb2 O-O 6. Nf3 d5 7. c4 Be6 8. Qc2 Be7 9. a3 h6 10. d4 dxc4 11. Bxc4 Bxc4 12. Qxc4 Nd5 13. O-O Nb6 14. Qb3 Na5 15. Qc2 Nac4 16. Nc3 Rb8 17. Rfd1 Nxb2 18. Qxb2 Nd5 19. Rac1 c6 20. Qb3 Nxc3 21. Qxc3 Qd6 22. Rd3 Rfd8 23. Rcd1 Rdc8 24. Ne5 Bf6 25. f4 b5 26. e4 c5 27. dxc5 Bxe5 28. cxd6 Rxc3 29. fxe5 Rxd3 30. Rxd3 Kf8 31. Kf2 Ke8 32. Ke3 a5 33. Kd4 b4 34. Rb3 Kd7 35. axb4 Rxb4+ 36. Rxb4 axb4 37. Kc4 b3 38. Kxb3 f6 39. Kc4 1-0

[Event "Silves Open 2025"]
[Site "Fissul"]
[Date "2025.03.05"]
[Round "7.27"]
[White "Breitkopf, Ilian"]
[Black "Dumont, Andre"]
[Result "0-1"]
[Annotator "NA"]
[ECO "B30"]
[WhiteElo "1671"]
[BlackElo "1891"]
[PlyCount "66"]
[EventDate "2025.03.03"]
[EventType "swiss"]
[EventCountry "POR"]
[SourceTitle "playchess.com"]
[Source "ChessBase"]
[SourceQuality "1"]
[TimeControl "5400+30"]

1. e4 c5 2. Nf3 e6 3. Bc4 Nc6 4. d3 Nf6 5. Ng5 d6 6. Nc3 a6 7. a4 g6 8. Be3 Bg7 9. O-O O-O 10. f4 b6 11. Ne2 Ng4 12. Qc1 Nxe3 13. Qxe3 Bxb2 14. Rab1 Bg7 15. Ng3 Bd4 16. Qf2 Bxf2+ 17. Rxf2 Nd4 18. c3 h6 19. Nf3 Nxf3+ 20. Rxf3 d5 21. exd5 exd5 22. Bb3 Re8 23. h3 Qd6 24. Kf2 c4 25. Bc2 cxd3 26. Bxd3 Qc5+ 27. Kf1 Re3 28. Be2 Rxf3+ 29. Bxf3 Qxc3 30. Ne2 Qd3 31. Rxb6 Bxh3 32. Rb3 Qxb3 33. Nc3 Qxc3 0-1

[Event "Silves Open 2025"]
[Site "Fissul"]
[Date "2025.03.05"]
[Round "7.28"]
[White "Silva, Ana Ines Teixeira Da"]
[Black "Almeida, Luis Eduardo dos Rei"]
[Result "1-0"]
[Annotator "NA RC"]
[ECO "C51"]
[WhiteElo "1901"]
[BlackElo "1841"]
[PlyCount "63"]
[EventDate "2025.03.03"]
[EventType "swiss"]
[EventCountry "POR"]
[SourceTitle "playchess.com"]
[Source "ChessBase"]
[SourceQuality "1"]
[TimeControl "5400+30"]

1. e4 e5 2. Nf3 Nc6 3. Bc4 Bc5 4. b4 Bxb4 5. c3 Bc5 6. d4 exd4 7. O-O Be7 8. Qb3 Na5 9. Bxf7+ Kf8 10. Qa4 Kxf7 11. Qxa5 c5 12. Qb5 d6 13. cxd4 Qb6 14. Qc4+ Be6 15. d5 Bg4 16. Nbd2 Bxf3 17. Nxf3 Bf6 18. e5 dxe5 19. Ba3 Qa6 20. Qxa6 bxa6 21. Rac1 Ne7 22. d6 Nf5 23. Rxc5 Nxd6 24. Rc7+ Ke6 25. Rc6 Rhd8 26. Rd1 Be7 27. Rxa6 Rd7 28. Nd2 Kf5 29. Nc4 Nxc4 30. Rxd7 Bxa3 31. Rc7 Rd8 32. g4+ 1-0

[Event "Silves Open 2025"]
[Site "Fissul"]
[Date "2025.03.05"]
[Round "7.29"]
[White "Goncalves, Samuel Jesus P"]
[Black "Munno Moyano, Mario"]
[Result "0-1"]
[Annotator "TA"]
[ECO "A17"]
[WhiteElo "2280"]
[BlackElo "1755"]
[PlyCount "68"]
[EventDate "2025.03.03"]
[EventType "swiss"]
[EventCountry "POR"]
[SourceTitle "playchess.com"]
[Source "ChessBase"]
[SourceQuality "1"]
[TimeControl "5400+30"]

1. Nf3 Nf6 2. c4 e6 3. Nc3 Bb4 4. g3 b6 5. Bg2 Bb7 6. O-O Bxc3 7. bxc3 d6 {[%emt 0:00:45] A17: English Opening: 1...Nf6 with ...Bb4.} 8. d4 h6 9. e3 $146 (9. Re1 Qc8 10. Bh3 Nbd7 11. Nd2 O-O 12. e4 e5 13. f3 Qd8 14. Nf1 c5 15. Ne3 {1-0 Cuenca Jimenez,J (2524)-Villanueva,M (2480) Jerez de la Frontera IM 2021 (2)}) 9... O-O {[%emt 0:00:19] The position is equal.} 10. Qc2 Qe7 11. a4 a5 12. Ba3 Nbd7 13. Rab1 (13. Nd2 $11 {remains equal.} Bxg2 14. Kxg2) 13... Be4 $17 14. Qb2 Bxb1 15. Rxb1 Rab8 16. Qc2 e5 17. Nd2 c5 18. d5 Nh7 19. h4 (19. e4 $17) 19... Nhf6 (19... f5 $19 {...e4 is the strong threat.} 20. e4 f4) 20. e4 $15 Kh8 21. Re1 Nh7 22. Bc1 Rg8 23. Nf3 Qf6 24. Qe2 Qd8 25. Kh1 Ndf6 26. Bh3 Qe8 27. Rg1 $2 {[%emt 0:03:31] [#] Loses the game.} (27. Qc2 $15) 27... Qxa4 $19 28. g4 (28. Re1 {was called for.}) 28... Qd7 29. Kh2 g5 30. hxg5 hxg5 31. Kg3 Rg6 32. Rh1 Kg7 33. Nxg5 $2 {[%emt 0:02:13] [#]} (33. Nd2) 33... Nxg5 34. Bxg5 Rxg5 {[%emt 0:00:14] Weighted Error Value: White=0.64/Black=0.16 (very precise)   Loses game:     	White=1     	---        Mistake:       	White=4     	Black=1      Inaccurate:     	White=2     	---        OK:         	White=5     	Black=6      Best:        	White=1     	Black=3} 0-1

[Event "Silves Open 2025"]
[Site "Fissul"]
[Date "2025.03.05"]
[Round "7.31"]
[White "Jeremias, Damaim"]
[Black "Ruiz Esteban, Ruben"]
[Result "0-1"]
[Annotator "NA RC"]
[ECO "E06"]
[WhiteElo "1690"]
[BlackElo "1655"]
[PlyCount "77"]
[EventDate "2025.03.03"]
[EventType "swiss"]
[EventCountry "POR"]
[SourceTitle "playchess.com"]
[Source "ChessBase"]
[SourceQuality "1"]
[TimeControl "5400+30"]

1. Nf3 d5 2. d4 Nf6 3. c4 e6 4. g3 Be7 5. Bg2 O-O 6. O-O c6 7. Qc2 b6 8. cxd5 cxd5 9. Nc3 Nbd7 10. Re1 Bb7 11. e4 dxe4 12. Ng5 Rc8 13. Qb3 h6 14. Ngxe4 Nxe4 15. Nxe4 Bd5 16. Qd1 Nf6 17. Nxf6+ Bxf6 18. Be3 Bxg2 19. Kxg2 Qd5+ 20. Qf3 Rfd8 21. Qxd5 Rxd5 22. Red1 Rcd8 23. Rac1 Bxd4 24. Rxd4 Rxd4 25. Bxd4 Rxd4 26. Rc8+ Kh7 27. Rc7 Ra4 28. Rxf7 Rxa2 29. Re7 Rxb2 30. Rxa7 Kg6 31. g4 b5 32. Kg3 b4 33. h4 b3 34. f4 Rb1 35. Rb7 b2 36. Kf2 Rh1 37. h5+ Kh7 38. f5 b1=Q 39. Rxb1 0-1

[Event "Silves Open 2025"]
[Site "Fissul"]
[Date "2025.03.05"]
[Round "7.33"]
[White "Ramos, Vitorino"]
[Black "Li, Leon"]
[Result "0-1"]
[Annotator "NA RC"]
[ECO "C56"]
[WhiteElo "1792"]
[BlackElo "1627"]
[PlyCount "88"]
[EventDate "2025.03.03"]
[EventType "swiss"]
[EventCountry "POR"]
[SourceTitle "playchess.com"]
[Source "ChessBase"]
[SourceQuality "1"]
[TimeControl "5400+30"]

1. e4 e5 2. Nf3 Nc6 3. d4 exd4 4. Bc4 Nf6 5. e5 d5 6. Bb5 Ne4 7. Nxd4 Bd7 8. Nb3 Be6 9. Be3 h6 10. f3 Ng5 11. h4 Nh7 12. Nc5 Bxc5 13. Bxc5 Qd7 14. Qe2 a6 15. Ba4 O-O-O 16. Nc3 f6 17. exf6 Nxf6 18. O-O-O Rhe8 19. b4 Bf7 20. Qf1 Re5 21. Bd4 Re6 22. b5 axb5 23. Nxb5 Nxd4 24. Na7+ Kb8 25. Bxd7 Ne2+ 26. Kd2 Rxd7 27. Qf2 d4 28. Rde1 Nc3 29. Rxe6 Bxe6 30. Nb5 Nfe4+ 31. fxe4 Nxe4+ 32. Ke1 Nxf2 33. Kxf2 c6 34. Re1 Bf7 35. Na3 Bxa2 36. Rd1 Be6 37. Re1 Bf7 38. Nb1 Bg6 39. Na3 Kc7 40. Rd1 d3 41. c3 d2 42. Ke3 Rd3+ 43. Ke2 Rxc3 44. Ra1 Rc1 0-1

[Event "Silves Open 2025"]
[Site "Fissul"]
[Date "2025.03.05"]
[Round "7.34"]
[White "Rogge, Marloes"]
[Black "Goncalves, Nuno Filipe Pocinho"]
[Result "0-1"]
[Annotator "NA"]
[ECO "C02"]
[WhiteElo "1761"]
[BlackElo "1731"]
[PlyCount "54"]
[EventDate "2025.03.03"]
[EventType "swiss"]
[EventCountry "POR"]
[SourceTitle "playchess.com"]
[Source "ChessBase"]
[SourceQuality "1"]
[TimeControl "5400+30"]

1. e4 e6 2. d4 d5 3. e5 c5 4. Bb5+ Nc6 5. Nf3 a6 6. Bxc6+ bxc6 7. O-O Qb6 8. Nc3 Nh6 9. dxc5 Bxc5 10. Na4 Qb5 11. Nxc5 Qxc5 12. Be3 Qb5 13. Nd4 Qb7 14. Bxh6 gxh6 15. Qh5 Qxb2 16. Nxc6 Bd7 17. Na5 Qxc2 18. Rfc1 Qg6 19. Qf3 O-O 20. h3 f6 21. exf6 Rxf6 22. Qa3 Raf8 23. Qg3 Rxf2 24. Qxg6+ hxg6 25. Rc7 Bb5 26. Re7 Re2 27. Nb3 Rff2 0-1

[Event "Silves Open 2025"]
[Site "Fissul"]
[Date "2025.03.05"]
[Round "7.35"]
[White "Tolentino, Andre Angelo"]
[Black "Ribeiro, Margarida"]
[Result "0-1"]
[Annotator "NA RC"]
[ECO "C87"]
[WhiteElo "1843"]
[BlackElo "1519"]
[PlyCount "152"]
[EventDate "2025.03.03"]
[EventType "swiss"]
[EventCountry "POR"]
[SourceTitle "playchess.com"]
[Source "ChessBase"]
[SourceQuality "1"]
[TimeControl "5400+30"]

1. e4 e5 2. Nf3 Nc6 3. Bb5 d6 4. O-O Nf6 5. Re1 Be7 6. c3 a6 7. Ba4 O-O 8. h3 b5 9. Bc2 Bb7 10. d4 Re8 11. Nbd2 Bf8 12. Nf1 exd4 13. Nxd4 Nxd4 14. Qxd4 c5 15. Qd3 Bxe4 16. Qd2 Bxc2 17. Rxe8 Qxe8 18. Qxc2 Qe4 19. Qxe4 Nxe4 20. f3 Nf6 21. Bf4 Rd8 22. a4 Nd5 23. Bh2 b4 24. c4 Nb6 25. b3 a5 26. Rd1 Rd7 27. Ne3 g6 28. Nd5 Nxd5 29. Rxd5 f6 30. g4 h6 31. h4 Kh7 32. Kf2 Kg7 33. Bg3 Kf7 34. g5 hxg5 35. hxg5 fxg5 36. Rxg5 Kf6 37. Rd5 Ke6 38. Kg2 Rh7 39. Kg1 Rh5 40. Rd3 Kd7 41. Kf2 Kc6 42. Ke2 d5 43. Rxd5 Rxd5 44. cxd5+ Kxd5 45. Kd3 Bd6 46. Bh4 Bc7 47. Bg5 Bb6 48. Bf6 Ke6 49. Bb2 Kd5 50. Bc1 Bd8 51. Bf4 g5 52. Bd2 Bf6 53. Bc1 Be7 54. Bd2 Bd8 55. Bc1 Ke5 56. Kc4 Kd6 57. Be3 Ke5 58. Kxc5 Ke6 59. Kb5 Kd5 60. Bc5 Ke5 61. Be3 Kd5 62. Bxg5 Bxg5 63. Kxa5 Kc5 64. Ka6 Kc6 65. Ka7 Be3+ 66. Ka6 Bc5 67. a5 Be3 68. f4 Bxf4 69. Ka7 Be3+ 70. Ka6 Bg5 71. Ka7 Bd8 72. a6 Bb6+ 73. Kb8 Bc7+ 74. Ka7 Bb6+ 75. Kb8 Kd5 76. Kb7 Bc5 0-1

[Event "Silves Open 2025"]
[Site "Fissul"]
[Date "2025.03.05"]
[Round "7.38"]
[White "Botelho, Adelino"]
[Black "Nguyen, Tri Khoi"]
[Result "1-0"]
[Annotator "NA"]
[ECO "D03"]
[WhiteElo "1550"]
[BlackElo "1630"]
[PlyCount "45"]
[EventDate "2025.03.03"]
[EventType "swiss"]
[EventCountry "POR"]
[SourceTitle "playchess.com"]
[Source "ChessBase"]
[SourceQuality "1"]
[TimeControl "5400+30"]

1. d4 Nf6 2. Nf3 e6 3. Bg5 d5 4. Nbd2 Be7 5. e3 Nbd7 6. c3 O-O 7. Bd3 h6 8. Bf4 c5 9. Ne5 Qb6 10. Rb1 Bd6 11. h4 Qc7 12. Ndf3 Nxe5 13. dxe5 Bxe5 14. Nxe5 Qe7 15. g4 Rd8 16. g5 Nh7 17. gxh6 g6 18. Qg4 Nf8 19. h5 f5 20. Nxg6 fxg4 21. Nxe7+ Kf7 22. Bg5 Ke8 23. h7 1-0

[Event "Silves Open 2025"]
[Site "Fissul"]
[Date "2025.03.06"]
[Round "8.3"]
[White "Serarols Mabras, Bernat"]
[Black "Espinosa Aranda, Angel"]
[Result "1/2-1/2"]
[Annotator "TA"]
[ECO "E61"]
[WhiteElo "2311"]
[BlackElo "2442"]
[PlyCount "60"]
[EventDate "2025.03.03"]
[EventType "swiss"]
[EventCountry "POR"]
[SourceTitle "playchess.com"]
[Source "ChessBase"]
[SourceQuality "1"]
[TimeControl "5400+30"]

1. d4 d6 2. Nf3 Nf6 3. c4 g6 4. Nc3 Bf5 5. Nh4 Bd7 6. Nf3 {[%emt 0:04:29] E61: King's Indian: Early deviations for White, including Smyslov System.} Bg7 {[%emt 0:03:39] is the legacy move (6...Bf5).} 7. e4 O-O 8. h3 {[%emt 0:00:08] White has an edge.} Nc6 $146 (8... e5 9. d5 a5 10. Be3 Na6 11. Nd2 Kh8 12. Be2 Ng8 13. h4 Bh6 14. Bxh6 Nxh6 {½-½ Indjic,A (2620)-Mogranzini,R (2459) Titled Tuesday intern op 19th Jul Early blitz 2022 (3)}) 9. d5 Nb4 10. Be2 e6 11. dxe6 Bxe6 12. O-O Re8 13. Bg5 h6 14. Be3 Nc6 15. Qc2 Nd7 16. Rad1 Nce5 17. Nd2 (17. Nxe5 $16 dxe5 18. Rd3) 17... g5 18. f4 gxf4 19. Bxf4 Ng6 (19... Rc8 $11) 20. Be3 $14 Nde5 21. Nd5 (21. Rf2 $16) 21... c6 $11 22. Nf4 Nxf4 23. Bxf4 Qh4 (23... Qb6+ $11 24. Rf2 Ng6 25. Bxd6 Bd4) 24. Bxe5 {[%emt 0:08:17] Successful Defense White} (24. Qc1 $14 {was preferable.}) 24... dxe5 {[%emt 0:03:57] The position is equal.} ({Of course not} 24... Bxe5 25. Nf3 Qg3 26. Nxe5 dxe5 27. Rf3 $16) 25. c5 Bxh3 26. gxh3 {[%emt 0:03:30] [#]} Qg3+ 27. Kh1 Qxh3+ 28. Kg1 Qg3+ 29. Kh1 Qh3+ 30. Kg1 {[%emt 0:00:03] [#] Strongly threatening Qb3.} Qg3+ {[%emt 0:00:16] Weighted Error Value: White=0.16 (very precise) /Black=0.12 (very precise)   Mistake:       	White=3     	Black=2      Inaccurate:     	---       	Black=3      OK:         	White=6     	Black=12     Best:        	---       	Black=1} 1/2-1/2

[Event "Silves Open 2025"]
[Site "Fissul"]
[Date "2025.03.06"]
[Round "8.4"]
[White "Malassagne, Raphael"]
[Black "Khamrakulov, Ibragim S."]
[Result "0-1"]
[Annotator "TA"]
[ECO "D02"]
[WhiteElo "2267"]
[BlackElo "2384"]
[PlyCount "82"]
[EventDate "2025.03.03"]
[EventType "swiss"]
[EventCountry "POR"]
[SourceTitle "playchess.com"]
[Source "ChessBase"]
[SourceQuality "1"]
[TimeControl "5400+30"]

1. d4 Nf6 2. Bf4 e6 3. e3 c5 4. Nd2 Nc6 5. Ngf3 d5 6. c3 Nh5 7. Bg5 {[%emt 0:00:40][%cal Bf4g5,Bg5h4,Bh4g3][%mdl 32] D02: 1 d4 d5 2 Nf3 sidelines, including 2...Nf6 3 g3 and 2...Nf6 3 Bf4.} Qb6 8. Rb1 h6 9. Bh4 {[%emt 0:00:38] The position is equal.} g5 10. Ne5 {[%emt 0:06:24] [#]} Ng7 11. Bg3 Nf5 12. Qh5 $1 Qc7 (12... Nxe5 $14 13. Bxe5 Bg7) 13. Nxc6 (13. Bb5 $16 {and Nxc6 would now be decisive} a6 14. Bxc6+ bxc6 15. O-O) 13... Nxg3 $11 14. hxg3 $146 (14. fxg3 bxc6 15. Nf3 Bg7 16. Bd3 e5 17. Nxe5 Bxe5 18. dxe5 Qxe5 19. O-O Be6 20. Rbe1 {½-½ Torre,E (2460)-Sauravh,K (2239) Barbera del Valles op 41st 2018 (2)}) 14... bxc6 15. Bd3 cxd4 16. exd4 e5 17. dxe5 Qxe5+ 18. Kf1 Qf6 19. c4 (19. Re1+ $14 Be7 20. Nf3) 19... Bc5 20. Qf3 Ke7 {[%emt 0:01:46] Active counter play!} (20... Bd4 $5) 21. b4 Bd4 22. b5 Rb8 23. cxd5 (23. Re1+ $5 Kd6 24. bxc6 $11) 23... cxd5 $40 {[%emt 0:00:34][%cal Oc8g4][%mdl 128] White needs to defend precisely.} 24. Rc1 Bb6 25. Qxf6+ Kxf6 26. a4 Be6 (26... Kg7 $15) 27. Ke2 (27. Nb3 $11) 27... Kg7 28. Rhd1 {[%emt 0:01:54] [#]} (28. Rhe1 $15) 28... Rbe8 (28... h5 $1 $17 29. Nf3 Bg4) 29. Kf1 $15 h5 30. Nb3 h4 $1 31. gxh4 $2 {[%emt 0:01:15][%mdl 8192] This move loses the game for White.} (31. a5 $15 Bd8 32. Kg1) 31... Rxh4 $19 {[%emt 0:00:09][%cal Oe6g4] ( -> ...Bg4!)} 32. g3 (32. Ke2 $142) 32... Rxa4 $2 (32... Rh2 33. Nc5 Bg4 (33... Bh3+ $2 34. Kg1 $19)) 33. Nc5 Bh3+ {[%emt 0:00:25] This pair of bishops is nice.} 34. Kg1 Ra2 {[%emt 0:00:07] ...Bg4 is the strong threat.} 35. Bf1 Bxf1 36. Kxf1 Ree2 37. Rxd5 $2 (37. Nd3) 37... Rxf2+ {[%emt 0:00:15] Black is clearly winning.} 38. Kg1 Rg2+ 39. Kh1 Rh2+ 40. Kg1 Rag2+ 41. Kf1 Rxg3 {[%emt 0:00:07] Weighted Error Value: White=0.58/Black=0.28 (precise)   Loses game:     	White=1     	---        Mistake:       	White=6     	Black=4      Inaccurate:     	White=1     	Black=2      OK:         	White=9     	Black=9      Best:        	White=3     	Black=2      Strong:       	White=1     	Black=1} 0-1

[Event "Silves Open 2025"]
[Site "Fissul"]
[Date "2025.03.06"]
[Round "8.5"]
[White "Lux, Hugo de Melo"]
[Black "Ryabukhin, Roman"]
[Result "1-0"]
[Annotator "TA"]
[ECO "B62"]
[WhiteElo "2329"]
[BlackElo "2209"]
[PlyCount "33"]
[EventDate "2025.03.03"]
[EventType "swiss"]
[EventCountry "POR"]
[SourceTitle "playchess.com"]
[Source "ChessBase"]
[SourceQuality "1"]
[TimeControl "5400+30"]

1. e4 c5 2. Nf3 d6 3. d4 cxd4 4. Nxd4 Nf6 5. Nc3 Nc6 6. Bb5 Bd7 7. Bg5 e6 8. Qd3 $1 {[%emt 0:00:09][%mdl 4] outshines the older 8.Bxc6. B62: Sicilian: Richter-Rauzer: 6...e6: Unusual White 7th moves.} Be7 9. O-O-O Nxd4 10. Bxd7+ {[%emt 0:00:06] A sharp opening. The position is equal.} Nxd7 {[%emt 0:00:04] Excellent horsemanship.} 11. Bxe7 Kxe7 12. Qxd4 Qb6 13. Qd2 Rhc8 14. f4 {[%emt 0:05:34] Dodges Ne5} h6 $146 ({Predecessor:} 14... Rc6 15. Rhe1 Kf8 16. Re3 Nc5 17. Rg3 Rac8 18. Qd4 f6 19. Kb1 e5 20. Qd5 exf4 {1-0 Brkic,A (2611)-Kramer,J (2423) BL2-Nord 2122 2022 (1.2)}) 15. Rhe1 Rc7 16. Re3 Rc6 $2 {[%emt 0:15:21][%mdl 8192] [#]} (16... Rac8 $16 {is a better chance.}) 17. Nd5+ $1 {[%emt 0:01:31][%mdl 512] Weighted Error Value: White=0.03 (flawless) /Black=0.57  Loses game:     	---       	Black=1      Inaccurate:     	---       	Black=1      OK:         	White=6     	Black=3      Best:        	White=1     	---        Brilliant:      	White=1     	---} 1-0